Map: Rovine di Endion

Players

Jhyrachy - Winner!

  • Race: Zerg Zerg
  • League: Gold

vonFoo

  • Race: Zerg Zerg
  • League: Silver

VOD

Have the link to the VOD?

Description

Time

  • Played on: May 6, 2016, 2:21 p.m.
  • Length: 19:59
Show
View Real Time Build Order
Export as new Build Order

Jhyrachy Zerg - Winner!

Build Orders: Hatch First 

Get SALT Encoding   

  12  0:01  Drone  
  13  0:09  Drone  
  14  0:18  Overlord  
  14  0:37  Drone x3  
  17  0:56  Hatchery  
  16  0:57  Drone  
  17  1:13  Spawning Pool  
  17  1:14  Drone  
  17  1:20  Drone, Extractor  
  17  1:29  Drone  
  18  1:41  Drone  
  19  1:48  Overlord  
  19  2:01  Queen  
  21  2:08  Queen  
  21  2:10  Zergling x4  
  21  2:11  Zergling x2  
  26  2:15  Spine Crawler  
  26  2:20  Zergling x4  
  27  2:24  Metabolic Boost  
  27  2:34  Zergling x4  
  27  2:56  Zergling x2  
  27  2:57  Zergling x6  
  31  3:10  Zergling x6  
  34  3:26  Evolution Chamber  
  33  3:29  Zergling x2  
  33  3:30  Zergling x2  
  33  3:31  Overlord  
  35  4:00  Zerg Melee Weapons Level 1  
  35  4:08  Drone  
  35  4:09  Drone x5  
  42  4:10  Drone x2  
  43  4:58  Overlord x3  
  43  5:03  Spine Crawler  
  42  5:20  Zergling x14  
  44  5:32  Zergling x2  
  44  5:33  Zergling x6  
  48  5:55  Zerg Ground Armor Level 1  
  48  5:58  Zergling x2  
  48  5:59  Zergling x16  
  57  6:15  Zergling x4  
  32  6:47  Queen  
  32  6:48  Zergling x2  
  32  6:49  Zergling x14  
  32  6:53  Zergling x2  
  32  6:54  Zergling x2  
  41  7:05  Spine Crawler  
  39  7:44  Hatchery  
  38  7:54  Lair  
  38  7:56  Drone x3  
  38  7:57  Extractor, Drone  
  41  7:58  Drone  
  41  7:59  Drone x6  
  41  8:03  Extractor  
  41  8:05  Extractor  
  46  8:37  Spine Crawler  
  45  8:52  Zergling x2  
  45  8:53  Zergling x20  
  56  9:02  Spire  
  55  9:04  Zerg Melee Weapons Level 2  
  55  9:09  Drone x2  
  57  9:10  Drone x2  
  57  9:11  Drone x2  
  57  9:13  Zergling x2  
  57  9:14  Zergling x4  
  64  9:35  Spine Crawler  
  63  9:52  Overlord x4  
  63  9:57  Spine Crawler  
  63  9:58  Spine Crawler  
  61  10:15  Mutalisk x8  
  61  10:20  Zergling x2  
  80  10:21  Zergling x14  
  85  11:00  Zergling x10  
  85  11:03  Overlord x3  
  63  11:51  Zergling x24  
  75  12:36  Zergling x16  
  83  12:37  Zerg Ground Armor Level 2  
  77  13:28  Mutalisk  
  77  13:29  Mutalisk x9  
  97  13:49  Zergling x2  
  97  13:50  Zergling x4  
  100  14:02  Hatchery  
  99  14:06  Zergling x2  
  99  14:09  Overlord x2  
  62  14:55  Zergling x2  
  62  14:56  Zergling x16  
  68  15:17  Queen  
  70  15:53  Zergling x6, Queen  
  75  16:25  Zergling x2  
  76  16:26  Mutalisk x10  
  96  17:01  Zerg Flyer Weapons Level 1  
  96  17:23  Mutalisk x12  
  119  18:15  Overlord x2  
Show
View Real Time Build Order
Export as new Build Order

vonFoo Zerg 

Build Orders: Pool First 

Get SALT Encoding   

  12  0:01  Drone  
  13  0:13  Overlord  
  13  0:31  Spawning Pool  
  13  0:34  Drone  
  13  0:38  Drone  
  14  0:56  Drone  
  15  1:14  Hatchery  
  14  1:20  Zergling x6  
  17  1:31  Queen  
  19  1:35  Drone  
  20  1:44  Overlord  
  20  2:01  Drone  
  21  2:04  Extractor  
  21  2:06  Drone  
  21  2:09  Queen  
  23  2:17  Zergling x2  
  24  2:25  Zergling x2  
  25  2:32  Zergling x2  
  25  2:41  Zergling x10  
  29  2:58  Drone x3  
  31  3:08  Overlord  
  31  3:14  Roach Warren  
  29  3:26  Overlord x2  
  29  3:28  Drone  
  29  3:29  Drone x3  
  29  3:33  Overlord  
  33  3:38  Drone  
  34  3:47  Drone x2  
  36  3:58  Roach  
  36  3:59  Roach x2  
  42  4:04  Roach  
  42  4:08  Overlord  
  44  4:10  Drone  
  45  4:17  Roach x2  
  49  4:39  Roach  
  49  4:40  Drone x2, Roach x2  
  49  4:41  Drone x2  
  49  4:42  Overlord  
  49  4:45  Extractor  
  58  4:51  Roach  
  60  4:52  Drone  
  60  4:53  Drone  
  60  4:56  Extractor  
  60  5:07  Roach  
  60  5:08  Overlord, Roach  
  64  5:27  Roach x3  
  68  5:31  Roach  
  70  5:47  Hatchery  
  70  5:49  Roach  
  71  5:50  Roach x3  
  71  5:53  Overlord  
  77  6:19  Roach x6  
  77  6:40  Roach  
  77  6:41  Roach x2  
  65  6:55  Roach  
  65  6:57  Roach x4  
  75  7:02  Roach x2  
  79  7:10  Evolution Chamber  
  79  7:13  Roach  
  80  7:16  Lair  
  66  7:30  Roach  
  66  7:31  Roach x2  
  66  7:36  Roach  
  74  7:55  Drone x3, Roach  
  74  7:56  Roach  
  81  7:59  Drone x2  
  83  8:14  Zerg Missile Weapons Level 1  
  83  8:15  Roach  
  83  8:16  Roach  
  83  8:19  Roach  
  89  8:23  Overlord  
  89  8:25  Glial Reconstitution  
  89  8:37  Overseer  
  89  8:40  Roach x3  
  95  8:44  Overlord  
  95  8:46  Drone  
  96  9:01  Drone x3  
  96  9:02  Drone x2  
  101  9:03  Overlord  
  101  9:05  Drone  
  102  9:10  Roach x2  
  106  9:18  Hydralisk Den  
  105  9:57  Hydralisk  
  105  9:58  Hydralisk x2  
  105  9:59  Hydralisk x2  
  115  10:00  Roach  
  115  10:01  Overlord x2, Roach x2  
  121  10:09  Hatchery, Overlord  
  120  10:14  Extractor  
  120  10:16  Evolution Chamber  
  120  10:17  Tunneling Claws  
  118  10:22  Zerg Ground Armor Level 1  
  118  10:28  Muscular Augments  
  118  10:31  Roach  
  120  10:57  Zerg Missile Weapons Level 2  
  120  11:03  Burrow, Pneumatized Carapace  
  120  11:05  Roach x2  
  120  11:06  Roach x5  
  132  11:11  Hydralisk  
  133  11:23  Spore Crawler  
  133  11:25  Spore Crawler  
  127  11:27  Spore Crawler  
  127  11:30  Drone  
  127  11:31  Spore Crawler  
  87  11:43  Roach  
  87  11:44  Roach x2  
  87  11:45  Queen  
  89  11:59  Overlord x2  
  85  12:10  Overlord x2  
  84  12:46  Spire  
  84  12:48  Spawning Pool  
  72  13:51  Roach x3  
  72  13:52  Overlord x3  
  78  13:56  Spore Crawler  
  78  13:58  Drone x2  
  78  13:59  Spore Crawler x2, Drone x3  
  78  14:01  Drone  
  81  14:28  Drone x2  
  81  14:29  Spawning Pool  
  50  14:54  Drone x5  
  45  15:02  Drone  
  28  15:18  Spore Crawler, Drone  
  28  15:19  Drone  
  29  15:26  Queen  
  29  15:27  Drone x3  
  29  15:28  Drone x3  
  34  15:38  Spore Crawler  
  34  15:41  Spore Crawler  
  26  15:58  Spore Crawler, Drone x5  
  30  16:04  Spore Crawler  
  30  16:06  Drone  
  30  16:07  Drone x3  
  30  16:27  Hydralisk Den  
  30  16:28  Spore Crawler  
  28  16:36  Drone  
  28  16:37  Spore Crawler, Drone x5  
  33  16:56  Hydralisk  
  33  16:57  Hydralisk x2  
  41  17:02  Hydralisk  
  41  17:03  Hydralisk  
  43  17:15  Spine Crawler  
  42  17:16  Hydralisk x2  
  46  17:31  Hydralisk x2  
  46  17:32  Hydralisk  
  52  17:45  Hydralisk  
  52  17:46  Hydralisk  
  55  17:54  Hydralisk x2  
  59  18:07  Extractor  
  59  18:10  Extractor  
  57  18:23  Hydralisk  
  57  18:24  Hydralisk  
  29  19:07  Hydralisk  
  29  19:08  Hydralisk  
  33  19:13  Spore Crawler, Drone x3  
  33  19:14  Spore Crawler  
  32  19:17  Spore Crawler  
  29  19:25  Hydralisk  
  29  19:26  Hydralisk  
Tags
 
Add a new tag
Caveats
  • Supply blocks, unpowered buildings, or Contaminate may cause inaccurate times.
  • Supply counts are checked every 10 seconds.